 Dungeon Crawl Stone Soup version 0.23.1 (webtiles) character file.

Game seed: 8983335089954423059

531656 brae the Sensei (level 26, -7/149 HPs)
             Began as an Octopode Berserker on Feb 18, 2019.
             Was the Champion of Trog.
             Splashed by an acid blob's acid (8 damage)
             ... on level 5 of the Pits of Slime on Mar 15, 2019.
             The game lasted 04:24:45 (76820 turns).

brae the Sensei (Octopode Berserker)               Turns: 76820, Time: 04:24:46

Health: -7/149     AC: -5    Str: 18    XL:     26   Next: 23%
Magic:  30/30      EV: 29    Int: 14    God:    Trog [******]
Gold:   3158       SH: 30    Dex: 23    Spells: 25/25 levels left

rFire    + . .     SeeInvis +     - Unarmed
rCold    + . .     Gourm    .   i - +6 large shield "Diter" {rElec Int+4 Dex-3}
rNeg     . . .     Faith    .   g - +2 hat {MR+}
rPois    +         Spirit   .   D - amulet of regeneration
rElec    +         Reflect  .   y - +3 ring of slaying
rCorr    +         Harm     .   I - ring of protection from magic
MR       ++++.                  W - ring of see invisible
Stlth    ++++++....             z - ring of fire
HPRegen  0.74/turn              Q - ring of protection from magic
MPRegen  0.22/turn              C - ring "Rujacrof" {*Drain rPois rC++ Dex+5 Stlth-}
                                S - +3 ring of slaying
                                R - ring of the Prince {rCorr rElec rPois Stlth+}

@: corroded, very slightly contaminated
A: almost no armour, stealthy swim, amphibious, 8 rings, constrict 8, camouflage
1, frail 2, gelatinous body 1
}: 2/15 runes: serpentine, barnacled
a: Berserk, Trog's Hand, Brothers in Arms, Renounce Religion


You were on level 5 of the Pits of Slime.
You worshipped Trog.
Trog was exalted by your worship.
You were not hungry.

You visited 10 branches of the dungeon, and saw 49 of its levels.
You also visited: Ice Cave and Wizlab.

You collected 6298 gold pieces.
You spent 3140 gold pieces at shops.

Inventory:

Hand Weapons
 a - a +5 blowgun
Missiles
 d - 11 needles of sleeping
 k - 21 javelins of returning
 x - 14 needles of confusion
 B - 7 javelins of penetration
 H - 8 needles of frenzy
 J - 42 poisoned javelins (quivered)
 K - 12 needles of paralysis
 U - 6 curare-tipped needles
Armour
 g - a +2 hat of magic resistance (worn)
 i - the +6 large shield "Diter" (worn) {rElec Int+4 Dex-3}
   (You acquired it on level 5 of the Lair of Beasts)

   It affects your intelligence (+4).
   It affects your dexterity (-3).
   It insulates you from electricity.
 L - the +1 hat of Qazlal's Pride {rN+ Dex+4 Stlth+}
   (You found it on level 4 of the Depths)

   It affects your dexterity (+4).
   It protects you from negative energy.
   It makes you more stealthy.
Jewellery
 y - a +3 ring of slaying (left tentacle)
 z - a ring of fire (on tentacle)
 C - the ring "Rujacrof" (on tentacle) {*Drain rPois rC++ Dex+5 Stlth-}
   (You bought it in a shop on level 2 of the Orcish Mines)

   [ring of attention]

   It affects your dexterity (+5).
   It greatly protects you from cold.
   It protects you from poison.
   It causes draining when unequipped.
   It makes you less stealthy.
 D - an amulet of regeneration (around mantle)
 I - a ring of protection from magic (right tentacle)
 Q - a ring of protection from magic (on tentacle)
 R - the ring of the Prince (on tentacle) {rCorr rElec rPois Stlth+}
   (You bought it in a shop on level 5 of the Depths)

   [ring of resist corrosion]

   It insulates you from electricity.
   It protects you from poison.
   It makes you more stealthy.
 S - a +3 ring of slaying (on tentacle)
 W - a ring of see invisible (on tentacle)
Wands
 c - a wand of iceblast (55)
 m - a wand of acid (12)
 t - a wand of clouds (5)
 M - a wand of random effects (17)
 T - a wand of disintegration (14)
 X - a wand of digging (9)
Scrolls
 b - 2 scrolls of summoning
 e - 5 scrolls of fear
 l - 4 scrolls of silence
 n - 12 scrolls of identify
 o - 20 scrolls of remove curse
 w - 4 scrolls of blinking
 N - 2 scrolls of enchant weapon
 P - 14 scrolls of teleportation
 Y - 4 scrolls of fog
Potions
 f - 10 potions of haste
 h - 11 potions of curing
 s - a potion of resistance
 u - 3 potions of heal wounds
 v - 8 potions of magic
 A - 2 potions of cancellation
 G - 5 potions of flight
 O - 5 potions of might
 V - 4 potions of agility
 Z - a potion of invisibility
Miscellaneous
 j - a lightning rod (4/4)
 p - a lamp of fire
 r - a fan of gales
 E - a sack of spiders
 F - a phial of floods
Comestibles
 q - 34 rations


   Skills:
 * Level 17.0 Fighting
 - Level 10.0 Throwing
 * Level 16.7 Dodging
 - Level 10.4 Stealth
 * Level 22.6 Shields
 + Level 25.4 Unarmed Combat
 * Level 9.3 Evocations


You had 25 spell levels left.
You didn't know any spells.
Your spell library contained the following spells:

 Spells                   Type           Power        Failure   Level  Hunger
 Animate Skeleton         Necr           N/A          36%         1    ##.....
 Apportation              Tloc           #.....       36%         1    ##.....
 Confusing Touch          Hex            #.....       36%         1    ##.....
 Flame Tongue             Conj/Fire      #....        36%         1    ##.....
 Freeze                   Ice            #...         36%         1    ##.....
 Magic Dart               Conj           #...         36%         1    ##.....
 Pain                     Necr           #...         36%         1    ##.....
 Sting                    Conj/Pois      #...         36%         1    ##.....
 Summon Butterflies       Summ           #.......     36%         1    ##.....
 Summon Small Mammal      Summ           #...         36%         1    ##.....
 Blink                    Tloc           N/A          50%         2    ###....
 Call Imp                 Summ           #.......     50%         2    ###....
 Passwall                 Tmut/Erth      #.......     50%         2    ###....
 Poisonous Vapours        Pois/Air       #.....       50%         2    ###....
 Searing Ray              Conj           #.....       50%         2    ###....
 Shroud of Golubria       Chrm/Tloc      #.........   50%         2    ###....
 Slow                     Hex            #.......     50%         2    ###....
 Swiftness                Chrm/Air       #.......     50%         2    ###....
 Throw Flame              Conj/Fire      #.....       50%         2    ###....
 Throw Frost              Conj/Ice       #.....       50%         2    ###....
 Confuse                  Hex            #.......     75%         3    ####...
 Conjure Flame            Conj/Fire      #.......     75%         3    ####...
 Dazzling Spray           Conj/Hex       #.....       75%         3    ####...
 Gell's Gravitas          Tloc           #.........   75%         3    ####...
 Lesser Beckoning         Tloc           #.........   75%         3    ####...
 Mephitic Cloud           Conj/Pois/Air  #.......     75%         3    ####...
 Ozocubu's Armour         Chrm/Ice       #.......     75%         3    ####...
 Portal Projectile        Hex/Tloc       #.....       75%         3    ####...
 Recall                   Summ/Tloc      N/A          75%         3    ####...
 Regeneration             Chrm/Necr      #.........   75%         3    ####...
 Teleport Other           Tloc           #.......     75%         3    ####...
 Tukima's Dance           Hex            #.......     75%         3    ####...
 Vampiric Draining        Necr           #.........   75%         3    ####...
 Animate Dead             Necr           N/A          98%         4    #####..
 Cause Fear               Hex            #.........   98%         4    #####..
 Force Lance              Conj/Tloc      #.......     98%         4    #####..
 Fulminant Prism          Conj/Hex       #.........   98%         4    #####..
 Ice Form                 Ice/Tmut       #.......     98%         4    #####..
 Iskenderun's Mystic Bla  Conj           #.......     98%         4    #####..
 Leda's Liquefaction      Hex/Erth       #.........   98%         4    #####..
 Olgreb's Toxic Radiance  Pois           #.......     98%         4    #####..
 Passage of Golubria      Tloc           N/A          98%         4    #####..
 Petrify                  Tmut/Erth      #.......     98%         4    #####..
 Sticky Flame             Conj/Fire      #.......     98%         4    #####..
 Summon Ice Beast         Ice/Summ       #.......     98%         4    #####..
 Throw Icicle             Conj/Ice       #.......     98%         4    #####..
 Alistair's Intoxication  Tmut/Pois      #.......     100%        5    ######.
 Bolt of Magma            Conj/Fire/Erth #.........   100%        5    ######.
 Irradiate                Conj/Tmut      #.........   100%        5    ######.
 Iskenderun's Battlesphe  Conj/Chrm      #.......     100%        5    ######.
 Lee's Rapid Deconstruct  Erth           #.........   100%        5    ######.
 Metabolic Englaciation   Hex/Ice        #.........   100%        5    ######.
 Venom Bolt               Conj/Pois      #.........   100%        5    ######.
 Yara's Violent Unravell  Hex/Tmut       #.........   100%        5    ######.
 Bolt of Cold             Conj/Ice       #.........   100%        6    #######
 Bolt of Fire             Conj/Fire      #.........   100%        6    #######
 Conjure Ball Lightning   Conj/Air       #.........   100%        6    #######
 Darkness                 Hex            #.........   100%        6    #######
 Death Channel            Necr           #.........   100%        6    #######
 Deflect Missiles         Chrm/Air       #.........   100%        6    #######
 Dispersal                Tloc           #.........   100%        6    #######
 Freezing Cloud           Conj/Ice/Air   #.........   100%        6    #######
 Invisibility             Hex            #.......     100%        6    #######
 Iron Shot                Conj/Erth      #.........   100%        6    #######
 Ozocubu's Refrigeration  Ice            #.........   100%        6    #######
 Simulacrum               Ice/Necr       #.........   100%        6    #######
 Statue Form              Tmut/Erth      #........    100%        6    #######
 Dragon Form              Tmut           #.........   100%        7    #######
 Haunt                    Necr/Summ      #.........   100%        7    #######
 Ring of Flames           Chrm/Fire      #.........   100%        7    #######
 Borgnjor's Revivificati  Necr           #.........   100%        8    #######
 Controlled Blink         Tloc           N/A          100%        8    #######
 Death's Door             Chrm/Necr      #.........   100%        8    #######
 Disjunction              Tloc           #.........   100%        8    #######
 Infestation              Necr           #.........   100%        8    #######
 Necromutation            Tmut/Necr      #.........   100%        8    #######
 Dragon's Call            Summ           #.........   100%        9    #######
 Shatter                  Erth           #.........   100%        9    #######


Dungeon Overview and Level Annotations

Branches:
Dungeon (15/15)            Temple (1/1) D:7            Lair (6/6) D:9
 Shoals (4/4) Lair:4        Snake (4/4) Lair:3        Slime (5/5) Lair:6
    Orc (2/2) D:12            Elf (3/3) Orc:2        Vaults (4/5) D:14
  Crypt (0/3) Vaults:2     Depths (5/5) D:15            Zot (0/5) Depths:5

Altars:
Ashenzari
Cheibriados
Dithmenos
Gozag
Hepliaklqana
Kikubaaqudgha
Makhleb
Nemelex Xobeh
Ru
Trog
Uskayaw
Xom
Yredelemnul
Beogh

Shops:
D:5 (   D:12 [[([   Orc:2 ([*=   Elf:2 *   Shoals:3 :   Vaults:3 !%
Depths:3 *[!%   Depths:5 (=[?

Portals:
Hell: Depths:1 Depths:2 Depths:3 Depths:4 Depths:5
Abyss: Depths:3 Depths:4
Pandemonium: Depths:1 Depths:2 Depths:3
Ziggurat: Depths:1
Trove: D:10 (give 7 potions of haste)

Annotations:
D:7 1 runed translucent door, Crazy Yiuf
D:14 2 transporters, WaifuGate's ghost, journeyman GrEE
Lair:1 exclusion: oklob plant
Lair:3 exclusion: 2 elephants, Rupert
Elf:2 2 runed translucent doors, exclusion: 2 doors, Roxanne
Depths:2 exclusion: 2 obsidian statues


Innate Abilities, Weirdness & Mutations

You cannot wear most types of armour.
You are very stealthy in the water. (Stealth+)
You are amphibious.
You can wear up to eight rings at the same time.
You can use your tentacles to constrict eight enemies at once.
Your skin changes colour to match your surroundings (Stealth+).
Your rubbery body absorbs attacks. (AC +1, EV +1)
You are very frail. (-20% HP)


Message History

You block the azure jelly's attack.
Your skin stops crawling.
You feel less resistant to hostile enchantments.
The azure jelly closely misses you. The azure jelly hits you!
* * * LOW HITPOINT WARNING * * *
The azure jelly freezes you!! You resist.
* * * LOW HITPOINT WARNING * * *
The azure jelly misses you. You block the azure jelly's attack.
The acid blob spits acid at you. The splash of acid hits you! You resist.
* * * LOW HITPOINT WARNING * * *
You are splashed with acid.
You resist.
* * * LOW HITPOINT WARNING * * *
There is a stone staircase leading up, spattered with blood here.
Unknown command.
The acid blob spits acid at you. The splash of acid hits you. You resist.
* * * LOW HITPOINT WARNING * * *
You are splashed with acid!
You resist.
You die...

▒▒▒···▒ ▒▒········
▒··········
▒▒▒···········
▒··············
▒···············
▒···············
▒▒▒··@··J·········
▒▒▒▒▒····J············
▒▒·····················
▒······················
▒······················
▒▒▒·····················
··▒··················▒▒·
·······G··········▒▒▒▒
·················▒▒


You could see an acid blob, an azure jelly and a shining eye.

Vanquished Creatures
  the Royal Jelly (Slime:5)
  Saint Roka (Snake:3)
  2 golden dragons (Depths:4)
  6 caustic shrikes
  Nikola (Shoals:1)
  the Enchantress (Depths:2)
  Jory (Vaults:4)
  Jorgrun (D:13)
  2 liches
  13 acid blobs
  3 titans
  2 deep elf blademasters (Elf:3)
  Asterion (Elf:1)
  3 krakens
  Polyphemus (Shoals:2)
  The ghost of Hood the Peltast, an adept DsMo of Okawaru (Elf:3)
  A sphinx (Depths:4)
  3 tengu reavers
  An ancient champion (Vaults:2)
  3 shadow dragons (Depths:5)
  7 azure jellies
  10 fire giants
  8 deep elf sorcerers
  A draconian knight (Depths:5)
  Ilsuiw (Shoals:4)
  7 nagarajas
  An iron dragon (shapeshifter) (Depths:2)
  2 orc warlords (Depths:3)
  10 vault wardens
  13 frost giants
  A draconian shifter (Depths:5)
  3 deep elf elementalists (Elf:3)
  Louise (Snake:3)
  11 ironheart preservers
  A balrug (Depths:3)
  7 spriggan defenders
  16 stone giants
  24 very ugly things
  4 war gargoyles (Depths:2)
  A juggernaut skeleton (Depths:1)
  2 vampire knights
  9 deep elf demonologists
  11 purple draconians
  A dire elephant (shapeshifter) (Depths:2)
  13 deep elf annihilators
  A red draconian (Depths:5)
  2 white draconians (Depths:5)
  A large abomination (Elf:3)
  A spark wasp (Depths:4)
  A spark wasp (shapeshifter) (Depths:2)
  9 ettins
  6 merfolk javelineers (Shoals:4)
  6 deep elf death magi
  3 statues (WizLab)
  2 blizzard demons (Depths:2)
  3 jiangshi
  13 merfolk impalers
  6 death oozes
  9 crystal guardians
  6 deep elf high priests (Elf:3)
  7 fire dragons
  Snorg (D:13)
  Josephine (D:10)
  A green death (Depths:1)
  14 yaktaur captains
  6 naga warriors
  6 ice dragons
  14 great orbs of eyes
  2 rakshasas
  9 vault guards
  Erolcha (D:13)
  4 merfolk avatars
  A catoblepas (Shoals:2)
  2 death knights
  4 merfolk aquamancers
  11 centaur warriors
  33 two-headed ogres
  6 spriggan air magi
  13 anacondas
  4 hydras
  A satyr (Shoals:3)
  22 dancing weapons
  5 deep troll shamans
  6 vampire magi
  A two-headed ogre (shapeshifter) (Vaults:2)
  A death yak (IceCv)
  8 tengu warriors
  6 deep troll earth magi
  9 ogre magi
  A spriggan berserker (Depths:4)
  7 shock serpents
  3 orc high priests (Orc:2)
  8 naga sharpshooters
  A small abomination (Elf:3)
  10 deep elf knights
  The ghost of taoistronin the Spear-Bearer, a novice MiBe of Trog (D:8)
  Sonja (D:10)
  A salamander mystic (Snake:4)
  12 skeletal warriors
  8 iron trolls
  A sixfirhy (Depths:3)
  A fire crab (shapeshifter) (Depths:1)
  A death drake (shapeshifter) (Depths:2)
  19 deep trolls
  A hell knight (Depths:4)
  9 wizards
  2 obsidian statues (Depths:2)
  9 deep elf archers
  22 sea snakes
  10 glowing orange brains
  5 flayed ghosts
  A gelid demonspawn (Depths:3)
  15 harpies
  9 naga ritualists
  A phantasmal warrior (Vaults:4)
  A harpy (shapeshifter) (Depths:1)
  9 ironbrand convokers
  2 wolf spider zombies
  Pikel (D:4)
  17 orc knights
  11 mana vipers
  3 wolf spiders
  A mana viper (shapeshifter) (Depths:2)
  4 necromancers
  2 shining eyes
  50 ugly things
  A manticore (shapeshifter) (Depths:5)
  A cyclops (shapeshifter) (Depths:2)
  14 cyclopes
  7 fauns (Shoals:2)
  A human zombie (Vaults:3)
  8 manticores
  10 salamanders
  A fire giant skeleton (Depths:1)
  6 orc sorcerers
  68 deep elf magi
  6 vault sentinels
  2 salamanders (shapeshifter)
  32 black mambas
  A guardian serpent (shapeshifter) (Vaults:2)
  13 merfolk sirens
  An ice statue (IceCv)
  6 guardian serpents
  2 eyes of devastation
  19 naga magi
  Maurice (D:12)
  An elephant (shapeshifter) (Depths:2)
  A black mamba (shapeshifter) (Vaults:2)
  9 water nymphs
  A stone giant skeleton (Depths:1)
  2 molten gargoyles (Depths:2)
  3 orange demons
  6 gargoyles
  2 smoke demons
  The ghost of drovix the Envoy of Void, a novice DsAK of Lugonu (D:4)
  13 spiny frogs
  63 yaktaurs
  A komodo dragon (Lair:1)
  2 rime drakes
  A freezing wraith (Vaults:4)
  2 elves (Depths:3)
  2 efreet
  4 harpy zombies
  2 tengu conjurers
  A red devil (Depths:5)
  13 polar bears
  A meliai (shapeshifter) (Depths:2)
  A tengu simulacrum (Vaults:3)
  14 trolls
  5 wind drakes
  7 hornets
  A merfolk (shapeshifter) (Depths:2)
  Grinder (D:3)
  29 merfolk
  9 hippogriffs
  13 snapping turtles
  A stone giant simulacrum (Vaults:3)
  20 blink frogs
  88 slime creatures
  A snapping turtle (shapeshifter) (Depths:2)
  8 dream sheep
  2 hippogriffs (shapeshifter) (Elf:1)
  A fire dragon zombie (Depths:1)
  An ettin skeleton (Vaults:3)
  A redback (shapeshifter) (Vaults:4)
  4 vampires (Depths:3)
  6 air elementals
  23 yaks
  2 spriggans (shapeshifter)
  A shadow (D:13)
  16 spriggans
  4 wyverns
  34 water elementals
  A ynoxinul (Depths:1)
  A basilisk (shapeshifter) (Vaults:2)
  11 wraiths
  Eustachio (D:6)
  2 basilisks
  Grum (D:8)
  8 fire elementals
  A hungry ghost (D:12)
  5 vampire mosquitoes
  6 wargs
  56 nagas
  2 insubstantial wisps (Depths:2)
  Edmund (D:4)
  An acid dragon (Vaults:2)
  2 floating eyes
  6 porcupines
  4 slaves
  17 water moccasins
  68 orc warriors
  A sky beast (D:11)
  A swamp drake (D:12)
  10 black bears
  2 ice beasts
  3 eyes of draining
  9 boggarts
  A boggart (shapeshifter) (Vaults:1)
  2 phantoms
  A necrophage (D:9)
  42 wolves
  24 ogres
  A human skeleton (Vaults:3)
  41 centaurs
  7 crocodiles
  2 big kobolds
  2 hippogriff zombies (Shoals:2)
  19 bullfrogs
  2 wyvern zombies
  6 earth elementals
  A deep troll simulacrum (Vaults:3)
  3 scorpions
  2 spectral wolves (Depths:3)
  7 wights
  7 electric eels
  2 howler monkeys (D:13)
  4 crimson imps
  8 centaur zombies
  A bullfrog zombie (D:13)
  2 quasits
  5 jellies
  51 orc wizards
  27 orc priests
  2 bullfrog skeletons
  3 centaur skeletons
  3 iron imps
  Ijyb (D:4)
  2 iguanas
  6 worker ants
  A killer bee zombie (D:7)
  2 hound skeletons
  A worker ant zombie (D:11)
  A gnoll (shapeshifter) (Depths:2)
  15 adders
  4 gnolls (D:3)
  8 shadow imps
  15 white imps
  2 ufetubi (Depths:3)
  5 oozes
  2 worms (D:3)
  A ball lightning (Depths:2)
  5 dart slugs
  8 leopard geckos
  131 orcs
  2 bat zombies (Shoals:2)
  5 giant cockroaches
  12 goblins
  11 hobgoblins
  13 jackals
  8 quokkas
  5 ball pythons
  6 bats
  3 frilled lizards (D:1)
  A jackal skeleton (D:5)
  26 kobolds
  2 quokka zombies (D:5)
  8 rats
  A crawling corpse (Elf:3)
  A tentacle (Shoals:4)
2177 creatures vanquished.

Vanquished Creatures (collateral kills)
  2 nagarajas (Snake:4)
  A frost giant (Vaults:3)
  An orc warlord (Orc:2)
  10 very ugly things
  An ironheart preserver (Vaults:4)
  A stone giant (Orc:1)
  An ettin (Depths:1)
  2 merfolk javelineers (Shoals:4)
  A yaktaur captain (Vaults:4)
  A death ooze (Slime:5)
  A rakshasa (Depths:1)
  An ogre mage (Vaults:2)
  6 naga warriors
  A death knight (Vaults:2)
  6 two-headed ogres
  3 death yaks (Shoals:2)
  A deep troll earth mage (Depths:1)
  2 orc high priests (Orc:2)
  A shock serpent (Snake:4)
  A fire crab (shapeshifter) (Depths:3)
  A deep troll (Depths:1)
  An orc sorcerer (Orc:1)
  2 ugly things (Depths:1)
  2 mana vipers (Snake:3)
  A manticore (Shoals:3)
  A naga mage (Snake:4)
  A vault sentinel (Vaults:2)
  2 black mambas
  6 yaktaurs
  A freezing wraith (Vaults:2)
  A komodo dragon (Lair:6)
  A merfolk (Shoals:3)
  4 polar bears (IceCv)
  2 hornets (Lair:6)
  A dream sheep (shapeshifter) (Depths:2)
  4 slime creatures
  A spriggan (Lair:6)
  A yak (IceCv)
  A golden eye (Slime:5)
  2 nagas
  A warg (Orc:1)
  2 wolves (Lair:6)
  2 ogres
  2 orc warriors (Orc:2)
  3 earth elementals (Depths:2)
  2 orc priests (Orc:2)
  An orc wizard (Orc:1)
  2 orcs (Orc:2)
95 creatures vanquished.

Vanquished Creatures (others)
  An ugly thing (Vaults:1)
  2 deep elf magi
  A black mamba (Snake:4)
  A vault sentinel (Vaults:1)
  2 polar bears (IceCv)
  2 yaks (IceCv)
  6 ball lightnings (Depths:2)
  13 bushes (Depths:1)
  7 fungi
  20 plants
  11 tentacles
66 creatures vanquished.

Grand Total: 2338 creatures vanquished

Notes
Turn   | Place    | Note
-------+----------+-------------------------------------------
     0 | D:1      | brae the Octopode Berserker began the quest for the Orb.
     0 | D:1      | Reached XP level 1. HP: 16/16 MP: 1/1
    40 | D:1      | Reached XP level 2. HP: 19/21 MP: 2/2
   366 | D:1      | Reached XP level 3. HP: 27/27 MP: 3/3
  1091 | D:2      | Found a faded altar of an unknown god.
  1192 | D:2      | Reached ** piety under Trog
  1241 | D:2      | Reached XP level 4. HP: 28/33 MP: 4/4
  1307 | D:2      | Found a shadowy altar of Dithmenos.
  1385 | D:2      | Found a bloodstained altar of Trog.
  1639 | D:3      | Noticed Grinder
  1699 | D:3      | Reached skill level 1 in Stealth
  1701 | D:3      | Noticed a phantom
  2073 | D:3      | Killed a phantom
  2073 | D:3      | Reached skill level 1 in Shields
  2073 | D:3      | Reached skill level 4 in Unarmed Combat
  2073 | D:3      | Reached XP level 5. HP: 28/37 MP: 5/5
  2392 | D:3      | Upgraded the game from 0.23.0 to 0.23.0-3-gf3c87f2
  2907 | D:3      | Reached XP level 6. HP: 43/43 MP: 6/6
  3062 | D:3      | Killed Grinder
  3062 | D:3      | Reached skill level 5 in Unarmed Combat
  3062 | D:3      | Reached XP level 7. HP: 27/48 MP: 7/7
  3081 | D:3      | Found a sparkling altar of Nemelex Xobeh.
  3268 | D:3      | Reached *** piety under Trog
  3795 | D:4      | Noticed Pikel
  3797 | D:4      | Noticed Ijyb
  3852 | D:4      | Killed Ijyb
  4113 | D:4      | Found an ancient bone altar of Kikubaaqudgha.
  4174 | D:4      | Noticed Edmund
  4185 | D:4      | Killed Edmund
  4185 | D:4      | Reached skill level 6 in Unarmed Combat
  4218 | D:4      | Found a snail-covered altar of Cheibriados.
  4481 | D:4      | Found a runed translucent door.
  4573 | D:4      | Noticed drovix's ghost (novice DsAK)
  4645 | D:4      | Found a runed translucent door.
  4662 | D:4      | Killed Pikel
  4662 | D:4      | Reached skill level 7 in Unarmed Combat
  4662 | D:4      | Reached XP level 8. HP: 54/54 MP: 8/8
  4778 | D:4      | Found an ancient bone altar of Kikubaaqudgha.
  4814 | D:4      | Found a snail-covered altar of Cheibriados.
  5192 | D:5      | Entered Level 5 of the Dungeon
  5229 | D:5      | Noticed a -1 dagger
  5230 | D:5      | Noticed a -3 hand axe
  5233 | D:5      | Found a hide-covered altar of Uskayaw.
  5313 | D:5      | Found a shimmering altar of Xom.
  5345 | D:5      | Found Noheh's Antique Weapon Shop.
  5483 | D:5      | Found an opulent altar of Gozag.
  5778 | D:5      | Reached skill level 8 in Unarmed Combat
  6479 | D:6      | Reached skill level 5 in Stealth
  6530 | D:6      | Found a sacrificial altar of Ru.
  6856 | D:6      | Noticed Eustachio
  6872 | D:6      | Killed Eustachio
  6872 | D:6      | Reached XP level 9. HP: 58/58 MP: 9/9
  7075 | D:6      | Found a basalt altar of Yredelemnul.
  7296 | D:7      | Reached skill level 9 in Unarmed Combat
  7355 | D:7      | Reached skill level 5 in Dodging
  7508 | D:7      | Found a staircase to the Ecumenical Temple.
  7662 | D:7      | Reached **** piety under Trog
  8209 | D:7      | Reached skill level 10 in Unarmed Combat
  8474 | D:7      | Found a runed translucent door.
  8475 | D:7      | Noticed Crazy Yiuf
  8723 | Temple   | Entered the Ecumenical Temple
  9417 | D:8      | Found a hazy altar of Hepliaklqana.
  9625 | D:8      | Reached skill level 5 in Shields
  9668 | D:8      | Noticed Grum
  9673 | D:8      | Noticed a lindwurm
  9675 | D:8      | Noticed a lindwurm
  9799 | D:8      | Reached XP level 10. HP: 65/65 MP: 10/10
  9832 | D:8      | Killed Grum
  9978 | D:8      | Noticed a lindwurm
  9990 | D:8      | Noticed a lindwurm
 10542 | D:8      | Found a large runed translucent door.
 10542 | D:8      | Found a large runed translucent door.
 10543 | D:8      | Noticed taoistronin's ghost (novice MiBe)
 10574 | D:8      | Found a burning altar of Makhleb.
 10599 | D:8      | Reached skill level 11 in Unarmed Combat
 10877 | D:9      | Noticed a six-headed hydra
 11222 | D:9      | Reached skill level 5 in Fighting
 11389 | D:9      | Found a shattered altar of Ashenzari.
 11542 | D:9      | Found a staircase to the Lair.
 11750 | D:9      | Killed a six-headed hydra
 11994 | Lair:1   | Entered Level 1 of the Lair of Beasts
 12044 | Lair:1   | Noticed a spiny frog
 12088 | Lair:1   | Noticed a spiny frog
 12097 | Lair:1   | Killed a spiny frog
 12137 | Lair:1   | Noticed a spiny frog
 12151 | Lair:1   | Killed a spiny frog
 12151 | Lair:1   | Reached skill level 12 in Unarmed Combat
 12151 | Lair:1   | Reached XP level 11. HP: 71/72 MP: 11/11
 12495 | Lair:1   | Received a gift from Trog
 12610 | Lair:1   | Noticed an oklob plant
 12618 | Lair:1   | Found a frozen archway.
 12640 | IceCv    | Entered an ice cave
 13950 | IceCv    | Reached skill level 1 in Throwing
 14346 | IceCv    | Noticed a death yak
 14346 | IceCv    | Noticed a death yak
 14753 | IceCv    | Noticed a death yak
 14753 | IceCv    | Noticed a frost giant
 15445 | IceCv    | Killed a death yak
 15445 | IceCv    | Reached skill level 13 in Unarmed Combat
 15445 | IceCv    | Reached XP level 12. HP: 76/80 MP: 12/12
 15603 | IceCv    | Killed a frost giant
 17710 | Lair:3   | Found a staircase to the Snake Pit.
 17988 | Lair:3   | Noticed Rupert
 19285 | Lair:4   | Got a transparent quarterstaff
 19386 | Lair:4   | Found a staircase to the Shoals.
 19399 | Lair:4   | Reached skill level 14 in Unarmed Combat
 19834 | Lair:4   | Reached XP level 13. HP: 88/88 MP: 13/13
 20931 | Lair:5   | Reached skill level 1 in Evocations
 21234 | Lair:5   | Identified a scroll of acquirement
 21235 | Lair:5   | Got a shimmering large shield
 21246 | Lair:5   | Identified the +6 large shield "Diter" {rElec Int+4 Dex-3}
                  | (You acquired it on level 5 of the Lair of Beasts)
 21281 | Lair:6   | Entered Level 6 of the Lair of Beasts
 21355 | Lair:6   | Found a staircase to the Slime Pits.
 22022 | Lair:6   | Reached skill level 10 in Shields
 22061 | Lair:6   | Reached ***** piety under Trog
 22799 | Lair:6   | Received a gift from Trog
 23267 | D:10     | Entered Level 10 of the Dungeon
 24141 | D:10     | Noticed Josephine
 24212 | D:10     | Killed Josephine
 24307 | D:10     | Noticed Sonja
 24309 | D:10     | Killed Sonja
 24347 | D:10     | Found a portal to a secret trove of treasure.
 24678 | D:11     | Reached XP level 14. HP: 95/95 MP: 16/16
 24960 | D:11     | Reached skill level 15 in Unarmed Combat
 25218 | D:11     | Reached skill level 10 in Stealth
 25295 | D:11     | Reached skill level 10 in Dodging
 25379 | D:11     | Received a gift from Trog
 25721 | D:12     | Found a staircase to the Orcish Mines.
 25930 | D:12     | Found Sauma's Antique Weapon Emporium.
 25957 | D:12     | Found Mojuda Fedeu's Antique Armour Shop.
 25988 | D:12     | Found Noudgh's Antique Armour Shoppe.
 26063 | D:12     | Found Yriav's Armour Shoppe.
 26096 | D:12     | Bought a +0 buckler of cold resistance for 207 gold pieces
 26429 | Orc:1    | Entered Level 1 of the Orcish Mines
 26429 | Orc:1    | Noticed Maurice
 26457 | D:12     | Killed Maurice
 26498 | D:12     | Received a gift from Trog
 26804 | Orc:1    | Noticed a stone giant
 26808 | Orc:1    | Killed a stone giant
 27014 | Orc:2    | Entered Level 2 of the Orcish Mines
 27014 | Orc:2    | Found a staircase to the Elven Halls.
 27587 | Orc:2    | Found a roughly hewn altar of Beogh.
 28694 | Orc:2    | Received a gift from Trog
 28979 | Orc:2    | Reached skill level 16 in Unarmed Combat
 29036 | Orc:2    | Noticed an orc warlord
 29038 | Orc:2    | Killed an orc warlord
 29038 | Orc:2    | Reached XP level 15. HP: 96/103 MP: 17/17
 29130 | Orc:2    | Found Qionnes's General Store.
 29131 | Orc:2    | Found Wizol's Jewellery Shoppe.
 29132 | Orc:2    | Found Viech's Antique Armour Emporium.
 29132 | Orc:2    | Found Kyobat's Antique Weapon Emporium.
 29190 | Orc:2    | Bought the ring "Rujacrof" {*Drain rPois rC++ Dex+5 Stlth-}
                  | for 616 gold pieces
 29191 | Orc:2    | Bought a +3 ring of slaying for 675 gold pieces
 29191 | Orc:2    | Bought an uncursed ring of see invisible for 225 gold
                  | pieces
 29539 | D:4      | Killed drovix's ghost
 29655 | D:8      | Killed taoistronin's ghost
 29793 | D:7      | Upgraded the game from 0.23.0-3-gf3c87f2 to
                  | 0.23.0-28-g6fe0f4d
 29976 | D:13     | Found a shattered altar of Ashenzari.
 29995 | D:13     | Noticed Erolcha
 30154 | D:13     | Killed Erolcha
 30246 | D:13     | Reached skill level 10 in Fighting
 30253 | D:13     | Noticed Snorg
 30275 | D:13     | Killed Snorg
 30389 | D:13     | Received a gift from Trog
 30730 | D:13     | Noticed Jorgrun
 30742 | D:13     | Killed Jorgrun
 31079 | D:13     | Upgraded the game from 0.23.0-28-g6fe0f4d to 0.23.1
 31271 | D:14     | Noticed WaifuGate's ghost (journeyman GrEE)
 31272 | D:14     | Found a transporter.
 31274 | D:14     | Identified the +8 great mace "Hoerreewk" {freeze, rN++
                  | Stlth-}
 31274 | D:14     | Noticed a frost giant
 31281 | D:14     | Found a transporter.
 31293 | D:14     | Got a fine hat
 31304 | D:14     | Identified the +0 hat of Joy {Str+2 Int+4 Stlth+} (You
                  | acquired it on level 14 of the Dungeon)
 31622 | D:14     | Found a gate to the Vaults.
 31881 | D:15     | Entered Level 15 of the Dungeon
 31915 | D:15     | Reached skill level 17 in Unarmed Combat
 31952 | D:15     | Found a staircase to the Depths.
 32025 | D:15     | Received a gift from Trog
 32068 | D:15     | Found a burning altar of Makhleb.
 32129 | D:15     | Reached ****** piety under Trog
 32422 | D:15     | Received a gift from Trog
 32521 | D:15     | Reached XP level 16. HP: 109/109 MP: 18/18
 33205 | Snake:1  | Entered Level 1 of the Snake Pit
 34063 | Snake:2  | Noticed a nagaraja
 34071 | Snake:2  | Killed a nagaraja
 34076 | Snake:2  | Received a gift from Trog
 34792 | Snake:2  | Received a gift from Trog
 35069 | Snake:2  | Reached skill level 5 in Evocations
 35075 | Snake:2  | Reached skill level 5 in Throwing
 35450 | Snake:3  | Noticed Saint Roka
 35714 | Snake:3  | Received a gift from Trog
 35750 | Snake:3  | Reached skill level 18 in Unarmed Combat
 35753 | Snake:3  | Noticed Louise
 35767 | Snake:3  | Killed Louise
 36111 | Snake:3  | Reached XP level 17. HP: 94/117 MP: 10/21
 37051 | Snake:3  | Killed Saint Roka
 37598 | Snake:4  | Entered Level 4 of the Snake Pit
 39005 | Snake:4  | Reached skill level 15 in Shields
 40559 | Snake:4  | Received a gift from Trog
 40937 | Snake:4  | Reached XP level 18. HP: 120/125 MP: 23/23
 40961 | Snake:4  | Got a serpentine rune of Zot
 41138 | Shoals:1 | Entered Level 1 of the Shoals
 41476 | Shoals:1 | Received a gift from Trog
 41686 | Shoals:1 | Noticed Nikola
 41697 | Shoals:1 | Killed Nikola
 41863 | Shoals:1 | Reached skill level 19 in Unarmed Combat
 42282 | Shoals:2 | Received a gift from Trog
 43134 | Shoals:2 | Noticed Polyphemus
 43156 | Shoals:2 | Killed Polyphemus
 44584 | Shoals:3 | Found Risupnem's Book Boutique.
 45267 | Shoals:4 | Entered Level 4 of the Shoals
 45420 | Shoals:4 | Received a gift from Trog
 45905 | Shoals:4 | Reached XP level 19. HP: 105/131 MP: 19/25
 46882 | Shoals:4 | Got a barnacled rune of Zot
 47091 | Shoals:4 | Noticed Ilsuiw
 47475 | Shoals:4 | Received a gift from Trog
 47832 | Shoals:4 | Received a gift from Trog
 48094 | Shoals:4 | Identified the Disquisition on Talismans and Contamination
 48822 | Shoals:4 | Killed Ilsuiw
 49353 | Shoals:4 | Identified the +11 triple sword of Pain and Death
                  | {antimagic, rElec} (Trog gifted it to you on level 4 of the
                  | Shoals)
 49613 | Vaults:1 | Entered Level 1 of the Vaults
 49892 | Vaults:1 | Reached skill level 20 in Unarmed Combat
 50277 | Vaults:1 | Received a gift from Trog
 50862 | Vaults:1 | Received a gift from Trog
 50997 | Vaults:1 | Reached XP level 20. HP: 124/140 MP: 22/26
 52410 | Vaults:2 | Received a gift from Trog
 52509 | Vaults:2 | Reached skill level 21 in Unarmed Combat
 53256 | Vaults:2 | Found a staircase to the Crypt.
 53321 | Vaults:3 | Found Senkuwah's Distillery.
 53334 | Vaults:3 | Bought a potion of heal wounds for 85 gold pieces
 53334 | Vaults:3 | Bought a potion of curing for 51 gold pieces
 53334 | Vaults:3 | Bought a potion of heal wounds for 85 gold pieces
 53713 | Vaults:3 | Received a gift from Trog
 54079 | Vaults:3 | Reached XP level 21. HP: 147/147 MP: 27/27
 54653 | Vaults:3 | Found Fetivukk's Food Shoppe.
 54773 | Vaults:3 | Received a gift from Trog
 55625 | Vaults:4 | Found the +2 robe of Vines {NoPotionHeal Regen+7}
 56312 | Vaults:4 | Noticed Jory
 56341 | Vaults:4 | Killed Jory
 56343 | Vaults:4 | Received a gift from Trog
 56562 | Vaults:4 | Reached skill level 22 in Unarmed Combat
 57498 | Elf:1    | Entered Level 1 of the Elven Halls
 57601 | Elf:1    | Noticed Asterion
 57621 | Elf:1    | Killed Asterion
 57662 | Elf:1    | Found a magical portal.
 57675 | WizLab   | Entered Iskenderun's Mystic Tower
 58242 | WizLab   | Received a gift from Trog
 58246 | WizLab   | Got an ancient lajatang {god gift}
 58247 | WizLab   | Identified the +6 lajatang "Kegg" {protect, Dex+4} (Trog
                  | gifted it to you in a wizard's laboratory)
 58266 | WizLab   | Identified Iskenderun's Handbook of Attacks
 58266 | WizLab   | Identified Iskenderun's Reference Book on Combat Magic
 58266 | WizLab   | Identified the Incunabulum of Ghastly Displacement
 58597 | Elf:1    | Reached XP level 22. HP: 144/155 MP: 25/28
 58837 | Elf:1    | Identified the Almanac of Attacks
 59591 | Elf:2    | Received a gift from Trog
 59660 | Elf:2    | Found Giadiunoxt's Assorted Antiques.
 59667 | Elf:2    | Bought a knobbly steel ring for 165 gold pieces
 59733 | Elf:2    | Found a runed translucent door.
 59764 | Elf:2    | Found a runed translucent door.
 59842 | Elf:2    | Identified Roxanne's Reference Book on the Rocks
 59842 | Elf:2    | Noticed Roxanne
 60344 | Elf:3    | Entered Level 3 of the Elven Halls
 60640 | Elf:3    | Identified the +3 scimitar "Orb Guardian's Curse" {protect,
                  | +Rage MR++}
 60640 | Elf:3    | Identified the +5 ring mail of the Sun {*Drain +Blink
                  | Dex+3}
 60940 | Elf:3    | Identified the +3 leather armour "Xaatei" {*Corrode Int+4
                  | Dex+3}
 61253 | Elf:3    | Received a gift from Trog
 61299 | Elf:3    | Reached skill level 15 in Fighting
 61304 | Elf:3    | Identified the +5 ring mail of Inevitability {MR- Regen+
                  | Int+2}
 61304 | Elf:3    | Identified the cursed ring of Mibb {EV-5 Str+7 Int+8}
 61345 | Elf:3    | Identified the cursed +0 chain mail of Leapfrog {*Corrode
                  | rPois MP+9 Int+2}
 61433 | Elf:3    | Reached skill level 23 in Unarmed Combat
 61699 | Elf:3    | Received a gift from Trog
 61902 | Elf:3    | Found a runed translucent door.
 61902 | Elf:3    | Noticed Hood's ghost (adept DsMo)
 61916 | Elf:3    | Killed Hood's ghost
 62264 | Depths:1 | Entered Level 1 of the Depths
 62305 | Depths:1 | Reached XP level 23. HP: 95/162 MP: 16/29
 63252 | Depths:1 | Received a gift from Trog
 63758 | Depths:1 | Found a gateway to a ziggurat.
 63828 | Depths:1 | Found a gateway to Hell.
 64132 | Depths:1 | Received a gift from Trog
 64137 | Depths:1 | Found a one-way gate leading to the halls of Pandemonium.
 64445 | Depths:2 | Received a gift from Trog
 64446 | Depths:2 | Found the +3 sling "Punk" {acid, rCorr}
 64717 | Depths:2 | Reached skill level 15 in Dodging
 65018 | Depths:2 | You fall through a shaft for 2 floors!
 65419 | Depths:2 | Received a gift from Trog
 67150 | Depths:2 | Reached XP level 24. HP: 146/171 MP: 25/29
 67181 | Depths:2 | Identified the +5 faerie dragon scales {rElec rN+ rCorr
                  | Dex+3}
 67181 | Depths:2 | Noticed the Enchantress
 67200 | Depths:2 | Killed the Enchantress
 67479 | Depths:2 | Identified the +8 arbalest "Uwideib" {flame, rPois SInv}
 67499 | Depths:2 | Received a gift from Trog
 67499 | Depths:2 | Reached skill level 24 in Unarmed Combat
 67776 | Depths:2 | Got a flickering ivory amulet
 67777 | Depths:2 | Identified the amulet of Vampiric Thralls {Acrobat Int+3}
                  | (You found it on level 2 of the Depths)
 68294 | Depths:3 | Received a gift from Trog
 68391 | Depths:3 | Paralysed by a floating eye for 4 turns
 69376 | Depths:3 | Found a one-way gate to the infinite horrors of the Abyss.
 69453 | Depths:3 | Received a gift from Trog
 70287 | Depths:3 | Found The Legendary Yloprul's Legendary Smithy.
 70328 | Depths:3 | Found Laneohim's Miraculous Elixirs.
 70380 | Depths:3 | Found Jack's Jerk-a-riffic Jerky.
 70442 | Depths:3 | Found Bicoluin's Slaves and Accessories.
 70531 | Depths:3 | Found a roughly hewn altar of Beogh.
 70870 | Depths:4 | Identified the +5 flail of Collusion {elec, rElec rPois
                  | rC+} (You found it on level 4 of the Depths)
 70914 | Depths:4 | Noticed a caustic shrike
 70923 | Depths:4 | Killed a caustic shrike
 71207 | Depths:4 | Identified the +1 hat of Qazlal's Pride {rN+ Dex+4 Stlth+}
                  | (You found it on level 4 of the Depths)
 71556 | Depths:4 | Reached XP level 25. HP: 157/178 MP: 29/29
 72254 | Depths:4 | Received a gift from Trog
 73194 | Depths:4 | Identified the ring "Logem" {rElec rC+} (You acquired it on
                  | level 4 of the Depths)
 73493 | Depths:5 | Entered Level 5 of the Depths
 73758 | Depths:5 | Found Juro's Armour Boutique.
 73758 | Depths:5 | Found Ulloahee's Jewellery Shop.
 73759 | Depths:5 | Found Umodop's Antique Weapon Shop.
 73763 | Depths:5 | Found Soimurcha's Magic Scroll Boutique.
 73766 | Depths:5 | Bought the ring of the Prince {rCorr rElec rPois Stlth+}
                  | for 779 gold pieces
 73772 | Depths:5 | Bought a scroll of fear for 84 gold pieces
 73772 | Depths:5 | Bought a scroll of identify for 48 gold pieces
 73772 | Depths:5 | Bought a scroll of teleportation for 72 gold pieces
 73772 | Depths:5 | Bought a scroll of identify for 48 gold pieces
 74133 | Depths:5 | Received a gift from Trog
 74758 | Depths:5 | Found a gate to the Realm of Zot.
 74964 | Depths:5 | Reached skill level 25 in Unarmed Combat
 75879 | Slime:1  | Entered Level 1 of the Pits of Slime
 76164 | Slime:2  | Reached skill level 10 in Throwing
 76397 | Slime:3  | Gained mutation: You are frail. (-10% HP) [a shining eye]
 76400 | Slime:3  | Gained mutation: You are very frail. (-20% HP) [a shining
                  | eye]
 76419 | Slime:4  | Received a gift from Trog
 76503 | Slime:2  | Reached XP level 26. HP: 118/148 MP: 29/29
 76599 | Slime:5  | Entered Level 5 of the Pits of Slime
 76692 | Slime:5  | Noticed the Royal Jelly
 76710 | Slime:5  | Killed the Royal Jelly
 76742 | Slime:5  | HP: 9/223 [azure jelly (13)]
 76742 | Slime:5  | HP: 4/223 [azure jelly (5)]
 76819 | Slime:5  | HP: 6/149 [acid (6)]
 76820 | Slime:5  | HP: 1/149 [acid blob/splash of acid (6)]
 76820 | Slime:5  | Splashed by an acid blob's acid

Skill      XL: |  1  2  3  4  5  6  7  8  9 10 11 12 13 14 15 16 17 18 19 20 21 22 23 24 25 26 |
---------------+-------------------------------------------------------------------------------+-----
Stealth        | 1 2 4 5 6 7 8 9 10 | 10.4
Fighting       | 4 5 6 7 8 9 10 11 12 13 14 15 16 17 | 17.0
Shields        | 1 2 3 5 6 7 9 10 12 13 14 15 16 17 18 19 20 21 22 | 22.6
Unarmed Combat | 4 5 7 8 10 12 13 14 16 17 18 19 20 21 22 23 24 25 | 25.4
Dodging        | 4 5 6 7 8 9 10 11 12 13 14 15 16 | 16.7
Throwing       | 2 3 4 5 6 8 10 | 10.0
Evocations     | 2 3 5 7 8 9 |  9.3

Action                   |  1- 3 |  4- 6 |  7- 9 | 10-12 | 13-15 | 16-18 | 19-21 | 22-24 | 25-27 || total
-------------------------+-------+-------+-------+-------+-------+-------+-------+-------+-------++-------
Melee: Unarmed           |    76 |    70 |   233 |   409 |  1081 |   981 |  1252 |  1330 |   596 ||  6028
       Tentacles         |    17 |    14 |    58 |    92 |   237 |   307 |   429 |   423 |   201 ||  1778
       Constrict         |    24 |    17 |    48 |    62 |   186 |   155 |   218 |   176 |    27 ||   913
       Punch             |     5 |     2 |     4 |    41 |   131 |   182 |   346 |   349 |   167 ||  1227
 Fire: Blowgun           |       |       |    15 |    10 |     8 |     2 |       |       |       ||    35
Throw: Stone             |     5 |    15 |    25 |    12 |       |       |       |       |       ||    57
       Tomahawk          |       |       |       |    44 |    54 |       |       |       |       ||    98
       Throwing net      |       |       |       |     1 |       |       |     3 |       |       ||     4
       Javelin           |       |       |       |       |     3 |    30 |    23 |    11 |     6 ||    73
Invok: Berserk           |     1 |     6 |    15 |    27 |    42 |    19 |     6 |     4 |     2 ||   122
       Trog's Hand       |       |     1 |     5 |     4 |     3 |     1 |     1 |     2 |     2 ||    19
       Brothers in Arms  |       |       |       |     1 |     5 |    12 |     7 |     9 |     1 ||    35
Evoke: Wand              |       |       |       |    11 |    11 |     2 |       |     4 |     2 ||    30
       Fan of gales      |       |       |       |       |       |     1 |       |       |       ||     1
       Lightning rod     |       |       |       |       |       |     4 |     5 |     1 |     4 ||    14
       Phial of floods   |       |       |       |       |       |       |     1 |       |     1 ||     2
  Use: Scroll            |       |     3 |    12 |    14 |     9 |    14 |     9 |    14 |     4 ||    79
       Potion            |       |       |     1 |     7 |     1 |     3 |     1 |     5 |     2 ||    20
 Stab: Sleeping          |     4 |     3 |    11 |     9 |    35 |    22 |    16 |    27 |    13 ||   140
       Paralysed         |       |       |     1 |       |       |       |       |       |       ||     1
       Distracted        |       |       |       |     6 |     4 |     7 |     7 |    12 |     2 ||    38
       Confused          |       |       |       |       |     2 |       |       |       |       ||     2
  Eat: Chunk             |     2 |     7 |    16 |    59 |    68 |    10 |    17 |     2 |       ||   181
       Ration            |       |     1 |     6 |     4 |     2 |    17 |     9 |    14 |     6 ||    59
Armor: Skin              |     3 |     5 |     2 |    19 |    14 |    11 |     7 |    12 |     4 ||    77
Dodge: Dodged            |    35 |    28 |    72 |   148 |   225 |   317 |   223 |   300 |   199 ||  1547
Block: Shield            |     7 |    16 |    86 |   158 |       |       |       |       |       ||   267
       Large shield      |       |       |       |    17 |   907 |   982 |   908 |  1010 |   477 ||  4301
